 Dungeon Crawl Stone Soup version 0.29.1-1-gd02db6906a (webtiles) character file.

Game seed: 2784312021251853243

41 Icepheonix32 the Changer (level 3, 0/26 HPs)
             Began as a Merfolk Transmuter on Oct 5, 2022.
             Slain by an adder (4 damage)
             ... on level 3 of the Dungeon.
             The game lasted 00:04:55 (2171 turns).

Icepheonix32 the Changer (Merfolk Transmuter)       Turns: 2171, Time: 00:04:55

Health: 0/26       AC:  2    Str: 10    XL:     3   Next: 52%
Magic:  6/6        EV: 13    Int: 14    God:
Gold:   173        SH:  0    Dex: 14    Spells: 0/6 levels left

rFire   . . .      SeeInvis .     - Unarmed
rCold   . . .      Faith    .   (no shield)
rNeg    . . .      Spirit   .   a - +0 robe
rPois   .          Reflect  .   (no helmet)
rElec   .          Harm     .   (no cloak)
rCorr   .          Rampage  .   (no gloves)
Will    .....                   (no boots)
Stlth   +.........              (no amulet)
HPRegen 0.08/turn               (no ring)
MPRegen 0.10/turn               (no ring)

@: lethally poisoned (0 -> -5), flying
A: (nimble swimmer 2), mertail
a: no special abilities


You were on level 3 of the Dungeon.
You visited 1 branch of the dungeon, and saw 3 of its levels.

You collected 173 gold pieces.

Inventory:

Hand Weapons
 d - a +1 short sword of freezing
Armour
 a - a +0 robe (worn)
Scrolls
 b - a scroll of butterflies {unknown}
 c - a scroll of poison {unknown}
 g - a scroll of enchant weapon {unknown}
 i - a scroll of silence {unknown}
 j - a scroll of blinking {unknown}
 k - a scroll of identify {unknown}
Potions
 e - a potion of attraction {unknown}
 f - a potion of flight
 h - a potion of mutation {unknown}
 l - a potion of curing {unknown}


   Skills:
 + Level 1.1 Fighting
 + Level 3.1 Dodging
 + Level 0.1 Stealth
 + Level 3.7 Unarmed Combat
 + Level 2.2 Spellcasting
 * Level 3.8 Transmutations


You couldn't memorise any spells.
You knew the following spells:

 Your Spells              Type           Power      Damage    Failure   Level
a - Beastly Appendage     Tmut           24%        N/A       4%          1
b - Wereblood             Tmut           12%        N/A       8%          2
c - Spider Form           Tmut/Pois      6%         N/A       32%         3

Your spell library contained the following spells:

 Spells                   Type           Power      Damage    Failure   Level
 Ice Form                 Ice/Tmut       6%         N/A       71%         4
 Iskenderun's Battlesphe  Conj           1%         2d6       100%        5
 Iron Shot                Conj/Erth      0%         9d1       100%        6
 Spellforged Servitor     Conj/Summ      0%         N/A       100%        7


Dungeon Overview and Level Annotations

Branches:
Dungeon (3/15)

Altars:

Shops:
D:1 (([*:   D:2 *

Annotations:
D:2 Terence


Innate Abilities, Weirdness & Mutations

((You are very nimble when in or above water. (Stealth+, EV+, Speed+++)))
Your lower body shifts to a powerful aquatic tail in water.


Message History

The goblin unwields a +0 sling.
The goblin wields a +0 club.
The goblin barely misses you.
You hit the goblin.
The goblin is moderately wounded.
You barely miss the goblin.
The goblin is moderately wounded.
The adder bites you but does no damage. The goblin hits you with a +0 club.
You punch the goblin!
You kill the goblin!
The adder bites you.
You are poisoned.
The adder poisons you!
You barely miss the adder.
You feel sick. The adder closely misses you. x2
You closely miss the adder. The adder bites you.
You are more poisoned.
The adder poisons you!
You completely miss the adder.
You feel sick. The adder closely misses you.
You barely miss the adder.
You feel sick. The adder closely misses you.
You are too injured to fight recklessly!
You are too injured to fight recklessly!
You are too injured to fight recklessly!
You are too injured to fight recklessly!
You are too injured to fight recklessly!
You closely miss the adder.
You feel sick. The adder bites you.
You are lethally poisoned!
The adder poisons you!
You hit the adder.
The adder is lightly wounded.
Your horns disappear.
You feel sick. The adder completely misses you.
You hit the adder.
The adder is moderately wounded.
* * * LOW HITPOINT WARNING * * *
You feel sick. The adder barely misses you. The adder closely misses you.
It was a potion of flight.
You feel very buoyant.
You fly up into the air.
* * * LOW HITPOINT WARNING * * *
You feel sick. The adder bites you.
You die...

#...[.....
#..####### .#
#..########.#
#.........#.#
#...#####.#.#
#...#...#.#.#
#...#!#.#.#.#
#...#.....#S#
#.#.#.....@)#
#...#..........#
#^###.#######..#
#. .# . # . ..


You could see an adder.

Vanquished Creatures
  4 dart slugs
  A bat (D:1)
  An endoplasm (D:1)
  A giant cockroach (D:1)
  3 goblins
  3 hobgoblins
  3 jackals (D:1)
  3 quokkas
  3 ball pythons
  3 frilled lizards (D:1)
  3 kobolds (D:1)
  3 rats
31 creatures vanquished.

Notes
Turn   | Place    | Note
-------+----------+-------------------------------------------
     0 | D:1      | Icepheonix32 the Merfolk Transmuter began the quest for the
                  | Orb.
     0 | D:1      | Reached XP level 1. HP: 15/15 MP: 3/3
    11 | D:1      | Found Eteot's Antique Weapon Shoppe.
    37 | D:1      | Reached XP level 2. HP: 4/21 MP: 5/5
   312 | D:1      | Found Rachao's Weapon Emporium.
   423 | D:1      | Found Apseotoi's General Store.
   622 | D:1      | Found a faded altar of an unknown god.
   627 | D:1      | Found Xilitz's Book Emporium.
   698 | D:1      | Reached XP level 3. HP: 26/26 MP: 4/6
   787 | D:1      | Found Emumn's Antique Armour Shoppe.
  1363 | D:2      | Found Avveorr's Assorted Antiques.
  1371 | D:2      | Noticed Terence
  1583 | D:1      | Learned a level 2 spell: Wereblood
  1587 | D:1      | Learned a level 3 spell: Spider Form
  2171 | D:3      | Slain by an adder

Illustrated notes

Levels and vault maps discovered:
D:1:      scummos_arrival_forest, layout_basic, ebering_ecumenical_altar_rust,
          serial_shops, nicolae_shop_statue_plus, nicolae_square_shop,
          nicolae_shop_bloodbath_and_beyond, nicolae_shop_advertising_works
          [nicolae_subvault_shop_adworks], shop_fountains, st_stairs_12
D:2:      layout_basic, serial_shops, nicolae_square_shop, uniq_terence
D:3:      layout_basic, nicolae_elyvilon_temple_path,
          nicolae_overflow_crystal_walls, bloody_makhleb

Skill      XL: |  1  2 |
---------------+-------+-----
Transmutations | 3 |  3.8
Dodging        | 3 |  3.1
Fighting       | |  1.1
Stealth        | |  0.1
Unarmed Combat | |  3.7
Spellcasting   | |  2.2

Action                   || total
-------------------------++-------
Melee: Unarmed           ||    94
       Headbutt          ||     6
       Punch             ||     3
 Cast: Beastly Appendage ||    29
  Use: Potion            ||     2
Armor: Skin              ||     6
       Robe              ||    12
Dodge: Dodged            ||    48
